 Dungeon Crawl Stone Soup version 0.29-a0-344-ge2f44be95a (webtiles) character file.

Game seed: 104234412353430612

4319 iguanaiguana the Thaumaturge (level 10, -5/76 HPs)
             Began as a Djinni Chaos Knight on Apr 22, 2022.
             Was a Plaything of Xom.
             Slain by an elephant (7 damage)
             ... while petrified by a basilisk
             ... on level 8 of the Dungeon.
             The game lasted 00:30:23 (8141 turns).

iguanaiguana the Thaumaturge (Djinni Chaos Knight)  Turns: 8141, Time: 00:30:23

Health: -5/76      AC:  5    Str: 14      XL:     10   Next: 58%
Gold:   378        EV:  2    Int: 15      God:    Xom [*.....] SH:  0 Dex: 13 (14)

rFire   + + .      SeeInvis .   b - +7 great sword "Xepsarui" {elec, rElec rPois rC+}
rCold   . . .      Faith    .   (shield currently unavailable)
rNeg    + + +      Spirit   .   C - +1 leather armour of Yned {Str+5}
rPois   ∞          Reflect  .   (no helmet)
rElec   +          Harm     .   y - +1 cloak
rCorr   .          Rampage  .   (no gloves)
Will    +....      Clarity  +   (boots unavailable)
Stlth   +.........              (no amulet)
HPRegen 0.22/turn               (no ring)
MPRegen 0.00/turn               (no ring)

@: petrified, flying, hasted
A: sickness immunity, fire resistance 2, cold vulnerability 1, float, innate
caster, HP casting, extra vitality 1, clarity, deformed body, dopey 1, weak 1
a: Renounce Religion


You were on level 8 of the Dungeon.
You worshipped Xom.
You were a special plaything of Xom.
You visited 1 branch of the dungeon, and saw 8 of its levels.
You also visited: Ossuary.

You collected 378 gold pieces.

Inventory:

Hand Weapons
 a - the +9 hunting sling "Inyigh" {flame, Fly Str-4 Dex+8}
   (You found it on level 6 of the Dungeon)

   Any ammunition fired from it burns those it strikes, dealing additional fire
   damage.
   Str:       It affects your strength (-4).
   Dex:       It affects your dexterity (+8).
   Fly:       It grants you flight.
 b - the +7 great sword "Xepsarui" (weapon) {elec, rElec rPois rC+}
   (You found it on level 5 of the Dungeon)

   It occasionally discharges a powerful burst of electricity upon striking a
   foe.
   rC:        It protects you from cold.
   rElec:     It insulates you from electricity.
   rPois:     It protects you from poison.
Missiles
 i - 7 poisoned darts
 s - 15 boomerangs
 v - a curare-tipped dart
Armour
 f - a +2 leather armour
 g - a +0 scale mail
 y - a +1 cloak (worn)
 C - the +1 leather armour of Yned (worn) {Str+5}
   (You found it on level 4 of the Dungeon)

   Str:       It affects your strength (+5).
Magical Staves
 w - a staff of poison
 A - a staff of death
Wands
 B - a wand of digging (6) {@v3}
 H - a wand of iceblast (7) {@v2}
Scrolls
 h - a scroll of enchant armour
 j - a scroll of enchant weapon {unknown}
 k - 3 scrolls of teleportation {@r3}
 n - a scroll of amnesia
 x - a scroll of holy word {unknown}
 z - a scroll of vulnerability {unknown}
 D - a scroll of fog
 F - a scroll of blinking {@r4}
Potions
 d - 2 potions of haste {@q4}
 e - 2 potions of might {@q3}
 l - 5 potions of heal wounds {@q2}
 o - 2 potions of curing {@q1}
 p - 3 potions of attraction
 q - a potion of ambrosia
 r - 3 potions of lignification
 t - 2 potions of brilliance
 u - a potion of mutation {unknown}
 E - a potion of cancellation {unknown}
 G - a potion of berserk rage {unknown}
 J - a potion of flight {unknown}
Miscellaneous
 c - a piece from Xom's chessboard (15/15) (quivered)


   Skills:
 - Level 8.0 Fighting
 - Level 3.5(4.1) Short Blades
 + Level 3.2(4.0) Long Blades
 - Level 1.6 Slings
 - Level 3.0 Armour
 + Level 3.9 Dodging
 - Level 8.3 Spellcasting


You had 16 spell levels left.
You knew the following spells:

 Your Spells              Type           Power      Damage    Failure   Level
a - Summon Ice Beast      Ice/Summ       31%        N/A       4%          4
b - Blink                 Tloc           62%        N/A       1%          2
c - Corpse Rot            Necr/Air       62%        N/A       1%          2
d - Apportation           Tloc           62%        N/A       1%          1
Your spell library was empty.

Dungeon Overview and Level Annotations

Branches:
Dungeon (8/15)             Temple (0/1) D:5            Lair (0/6) D:8
Ossuary (visited)

Altars:
Elyvilon
Sif Muna
Uskayaw
Vehumet

Shops:
D:4 ?

Annotations:
D:3 Grinder
D:6 1 runed translucent door, exclusion: 6 doors, Crazy Yiuf


Innate Abilities, Weirdness & Mutations

You are immune to sickness and miasma.
You are immune to poison.
Your flesh is very heat resistant. (rF++)
You are vulnerable to cold. (rC-)
You float through the air rather than walking.
You learn spells naturally, not from books.
Your magical power is your life essence.
You have superior vitality. (+4 MHP)
You possess an exceptional clarity of mind.
Armour fits poorly on your strangely shaped body.
You are dopey. (Int -2)
You are weak. (Str -2)


Message History

You are too injured to fight recklessly!
You barely miss the basilisk.
The basilisk is almost dead.
Your ice beast disappears in a puff of smoke!
The basilisk gazes at you.
You are slowing down.
The basilisk gazes at you.
You easily resist.
Unknown command.
You closely miss the basilisk.
The basilisk is almost dead.
The elephant trumpets!
The basilisk bites you.
* * * LOW HITPOINT WARNING * * *
The basilisk gazes at you.
Your limbs have turned to stone.
You have turned to stone.
The basilisk bites you!
* * * LOW HITPOINT WARNING * * *
The basilisk bites you!
* * * LOW HITPOINT WARNING * * *
The basilisk bites you.
* * * LOW HITPOINT WARNING * * *
Xom smiles on you.
You feel yourself speed up.
You are now a special plaything of Xom.
The elephant tramples you!
* * * LOW HITPOINT WARNING * * *
You hold your ground!
The elephant trunk-slaps you but does no damage.
The basilisk bites you!
* * * LOW HITPOINT WARNING * * *
The basilisk bites you. The elephant tramples you.
* * * LOW HITPOINT WARNING * * *
You hold your ground!
The elephant trunk-slaps you.
* * * LOW HITPOINT WARNING * * *
The basilisk bites you.
* * * LOW HITPOINT WARNING * * *
The elephant tramples you!
You die...
Xom chuckles heartily!

........#
.........#
..........#
..........#
#.........##
##..........
...........#
..........@#
.........Yl#
...........#
......)))..#
......))...#
..........##
..........######
...............#
######
...............#
#....K


You could see an elephant and a basilisk.

Vanquished Creatures
  Pikel (D:7)
  An ugly thing (D:7)
  A polar bear (D:5)
  3 yaks
  A water moccasin (D:7)
  A sky beast (D:6)
  2 black bears
  An ogre (D:6)
  A centaur (D:5)
  A phantom (D:5)
  2 kobold brigands
  A bullfrog (D:6)
  4 elf zombies (Ossuary)
  5 killer bees
  3 hounds
  A human zombie (Ossuary)
  2 orc priests
  2 orc wizards (D:5)
  A mummy (Ossuary)
  8 adders
  An ufetubus (D:6)
  2 worms (D:3)
  2 dart slugs
  10 orcs
  4 ball pythons
  2 endoplasms
  4 giant cockroaches
  A gnoll zombie (Ossuary)
  7 goblins
  6 hobgoblins
  3 jackals (D:2)
  20 kobolds
  2 quokkas (D:3)
  A bat (D:3)
  4 frilled lizards
  2 goblin zombies (Ossuary)
  A jackal zombie (Ossuary)
  2 kobold zombies (Ossuary)
  An orc zombie (Ossuary)
  2 rats
119 creatures vanquished.

Vanquished Creatures (collateral kills)
  A basilisk (D:8)
  2 yaks (D:7)
  A sky beast (D:7)
  A black bear (D:8)
  An ogre (D:5)
  A necrophage (D:7)
  3 bullfrogs (D:7)
  A killer bee (D:7)
  A jelly (D:8)
  2 orc wizards
  3 mummies (Ossuary)
  3 orcs
20 creatures vanquished.

Vanquished Creatures (others)
  2 plants (D:1)
2 creatures vanquished.

Grand Total: 141 creatures vanquished

Notes
Turn   | Place    | Note
-------+----------+-------------------------------------------
     0 | D:1      | iguanaiguana the Djinni Chaos Knight began the quest for
                  | the Orb.
     0 | D:1      | Reached XP level 1. HP: 20/20 MP: 0/0
   146 | D:1      | Reached XP level 2. HP: 25/25 MP: 0/0
   465 | D:1      | Reached skill level 1 in Short Blades
   803 | D:1      | XOM: god gift: 21 gold pieces
   859 | D:2      | XOM: enchant monster (bad)
   862 | D:2      | Reached XP level 3. HP: 25/30 MP: 0/0
   862 | D:2      | Learned a level 1 spell: Apportation
   951 | D:2      | XOM: cast spell 'Alistair's Intoxication'
  1023 | D:2      | XOM: stat loss: -1 Dex (11/12)
  1230 | D:2      | XOM: summons 1 hostile shadow creature
  1453 | D:2      | XOM: silly message
  1838 | D:3      | XOM: stealth player
  1894 | D:3      | Reached XP level 4. HP: 32/35 MP: 0/0
  2100 | D:3      | XOM: give mutations
  2100 | D:3      | Gained mutation: You possess an exceptional clarity of
                  | mind. [Xom's grace]
  2100 | D:3      | Gained mutation: Your muscles are strong. (Str +2) [Xom's
                  | grace]
  2100 | D:3      | Gained mutation: You are partially covered in iridescent
                  | scales. (AC +2) [Xom's grace]
  2118 | D:3      | XOM: cloud trail
  2531 | D:3      | Reached XP level 5. HP: 40/40 MP: 0/0
  2531 | D:3      | Learned a level 2 spell: Blink
  2596 | D:3      | Found a faded altar of an unknown god.
  2636 | D:3      | Noticed Grinder
  3054 | D:4      | XOM is BORED!
  3054 | D:4      | XOM: torment (21/40 hp)
  3229 | D:4      | Found Xemir's Magic Scroll Shoppe.
  3242 | D:4      | Identified the +1 leather armour of Yned {Str+5}
  3276 | D:4      | XOM: noise
  3308 | D:4      | XOM: god gift: 12 stones
  3329 | D:4      | XOM: give mutation
  3329 | D:4      | Gained mutation: Your flesh is almost immune to the effects
                  | of heat. (rF+++) [Xom's grace]
  3344 | D:4      | You are sucked into a shaft and drop 3 floors!
  3349 | D:7      | Noticed a bullfrog
  3351 | D:7      | XOM: enchant monster (bad)
  3355 | D:7      | Noticed a sky beast
  3359 | D:7      | Killed a sky beast
  3360 | D:7      | Reached XP level 6. HP: 39/46 MP: 0/0
  3475 | D:5      | Entered Level 5 of the Dungeon
  3477 | D:5      | Noticed an ogre
  3480 | D:5      | XOM: summons 2 friendly demons
  3574 | D:6      | XOM: confuse monster(s)
  3594 | D:6      | XOM: cloud trail
  3656 | D:6      | XOM: confuse monster(s)
  3691 | D:6      | Found a hide-covered altar of Uskayaw.
  3691 | D:6      | Noticed a water moccasin
  3720 | D:6      | Found a sand-covered staircase.
  3731 | Ossuary  | Entered an ossuary
  3734 | Ossuary  | XOM: confuse monster(s)
  3737 | Ossuary  | XOM: summons 4 friendly demons
  3740 | Ossuary  | XOM: enchant monster (good)
  3745 | Ossuary  | Reached XP level 7. HP: 13/50 MP: 0/0
  3745 | Ossuary  | Learned a level 2 spell: Corpse Rot
  3846 | Ossuary  | XOM: summons 1 hostile demon
  4118 | D:6      | Reached skill level 5 in Fighting
  4118 | D:6      | Reached XP level 8. HP: 57/59 MP: 0/0
  4150 | D:6      | Found a runed translucent door.
  4151 | D:6      | Noticed Crazy Yiuf
  4323 | D:5      | Found a staircase to the Ecumenical Temple.
  4325 | D:5      | XOM: repel stairs
  4335 | D:5      | XOM: noise
  4339 | D:6      | XOM: blink monster(s)
  4601 | D:5      | XOM: chaos cloud
  4605 | D:5      | XOM: polymorph hound -> killer bee
  4745 | D:5      | XOM: enchant monster (good)
  5085 | D:5      | Noticed a polar bear
  5085 | D:5      | an ogre changed into a polar bear
  5085 | D:5      | XOM: polymorph ogre -> polar bear
  5103 | D:5      | Killed a polar bear
  5104 | D:5      | Reached XP level 9. HP: 52/70 MP: 0/0
  5104 | D:5      | Learned a level 4 spell: Summon Ice Beast
  5154 | D:5      | XOM: 3-stop teleportation journey
  5218 | D:5      | XOM: 1-stop teleportation journey
  5282 | D:5      | Reached skill level 5 in Spellcasting
  5430 | D:5      | Identified the +7 great sword "Xepsarui" {elec, rElec rPois
                  | rC+}
  5620 | D:6      | Identified the +9 hunting sling "Inyigh" {flame, Fly Str-4
                  | Dex+8}
  5645 | D:6      | XOM: silly message
  5676 | D:6      | Reached skill level 1 in Slings
  5911 | D:6      | XOM: give mutations
  5911 | D:6      | Lost mutation: You are partially covered in iridescent
                  | scales. (AC +2) [Xom's mischief]
  5911 | D:6      | Lost mutation: Your muscles are strong. (Str +2) [Xom's
                  | mischief]
  5911 | D:6      | Gained mutation: You are clumsy. (Dex -2) [Xom's mischief]
  6136 | D:7      | Noticed a red ugly thing
  6165 | D:7      | Killed a red ugly thing
  6194 | D:7      | XOM: give mutations
  6194 | D:7      | Gained mutation: You are frail. (-10% HP) [Xom's mischief]
  6194 | D:7      | Lost mutation: You are frail. (-10% HP) [Xom's mischief]
  6194 | D:7      | Gained mutation: Your body sometimes deteriorates upon
                  | taking damage. [Xom's mischief]
  6486 | D:7      | XOM: silly message
  6501 | D:7      | XOM: 2-stop teleportation journey
  6620 | D:7      | Reached XP level 10. HP: 65/76 MP: 0/0
  6787 | D:7      | Found a white marble altar of Elyvilon.
  6792 | D:7      | XOM: give mutations
  6792 | D:7      | Gained mutation: Armour fits poorly on your strangely
                  | shaped body. [Xom's mischief]
  6792 | D:7      | Gained mutation: You are weak. (Str -2) [Xom's mischief]
  6792 | D:7      | Gained mutation: You are dopey. (Int -2) [Xom's mischief]
  6827 | D:8      | Noticed Pikel
  6835 | D:7      | Killed Pikel
  7194 | D:7      | XOM: summons 3 hostile demons
  7279 | D:7      | XOM: give mutation
  7279 | D:7      | Lost mutation: Your body sometimes deteriorates upon taking
                  | damage. [Xom's mischief]
  7314 | D:8      | XOM: fake destruction
  7469 | D:6      | XOM: give mutations
  7469 | D:6      | Lost mutation: You are clumsy. (Dex -2) [Xom's mischief]
  7469 | D:6      | Lost mutation: Your flesh is almost immune to the effects
                  | of heat. (rF+++) [Xom's mischief]
  7477 | D:7      | XOM: blink monster(s)
  7566 | D:6      | XOM: torment (18/76 hp)
  7894 | D:7      | XOM: smoke on damage
  7981 | D:7      | XOM: summons 6 hostile demons
  8026 | D:8      | XOM: potion effect (curing)
  8055 | D:8      | Found a staircase to the Lair.
  8055 | D:8      | Noticed an elephant
  8139 | D:8      | XOM: potion effect (haste)
  8140 | D:8      | HP: 2/76 [elephant (2)]
  8141 | D:8      | Slain by an elephant

Illustrated notes

Levels and vault maps discovered:
D:1:      dpeg_arrival_boxorama, layout_loops_ring, serial_bayou_lake_a
D:2:      layout_basic, kennysheep_generic_room_12
D:3:      minmay_spotlight, layout_basic, shapermc_ecumenical_altar_mp_vishouse,
          uniq_natasha, uniq_grinder
D:4:      layout_loops_corners, serial_glass, glass_columns_a, glass_columns_c,
          glass_columns_c, glass_columns_a, glass_columns_b, glass_columns_a,
          glass_columns_b, glass_columns_a, serial_shops, shop
D:5:      layout_rooms, mainiacjoe_overflow_catwalk, minmay_temple_entry_slanted
D:6:      layout_basic, mainiacjoe_overflow_24_doors, enter_ossuary_1,
          uniq_crazy_yiuf_cottage
D:7:      layout_cave_pools, marbit_many_paths, nicolae_sif_muna_little_library,
          minmay_between
D:8:      layout_gridville, mainiacjoe_overflow_alcove_2, slow_altar_2,
          david_lair_generic, uniq_pikel

Skill      XL: |  1  2  3  4  5  6  7  8  9 10 |
---------------+-------------------------------+-----
Long Blades    | 3 |  3.2
Short Blades   | 1 2 3 |  3.5
Spellcasting   | 2 3 4 7 8 |  8.3
Fighting       | 5 8 |  8.0
Slings         | 1 |  1.6
Armour         | 3 |  3.0
Dodging        | 3 |  3.9

Action                   |  1- 3 |  4- 6 |  7- 9 | 10-12 || total
-------------------------+-------+-------+-------+-------++-------
Melee: Falchion          |     9 |       |       |       ||     9
       Dagger            |    43 |    88 |   132 |       ||   263
       Punch             |       |     1 |     2 |       ||     3
       Great sword       |       |       |    10 |    10 ||    20
 Fire: Hunting sling     |    40 |    22 |    43 |    43 ||   148
Throw: Dart              |       |       |     1 |       ||     1
       Boomerang         |       |       |     1 |       ||     1
 Cast: Summon Ice Beast  |       |       |    12 |    16 ||    28
Evoke: Piece from Xom's  |       |     9 |     1 |       ||    10
       Wand              |       |       |     2 |       ||     2
  Use: Scroll            |       |    12 |     7 |     1 ||    20
       Potion            |       |       |     2 |     3 ||     5
 Stab: Petrified         |       |     8 |       |       ||     8
       Confused          |       |     2 |       |       ||     2
       Invisible         |       |       |     2 |       ||     2
Armor: Leather armour    |     6 |     8 |    81 |    16 ||   111
       Scale mail        |    18 |    31 |       |       ||    49
       Skin              |       |       |     7 |       ||     7
Dodge: Dodged            |    24 |    34 |   129 |    59 ||   246

Table legend: (Time is in decaauts)
 A = Elapsed time spent in this place.
 B = Non-inter-level travel time spent in this place.
 C = Inter-level travel time spent in this place.
 D = Time resting spent in this place.
 E = Time spent auto-exploring this place.
 F = Levels seen in this place.
 G = Mean time per level.
                   A        B        C        D        E       F      G
               +--------+--------+--------+--------+--------+-----+--------+
         Total |   8156 |   7675 |    481 |   1198 |   5172 |   9 |  906.2 |
       Dungeon |   7844 |   7363 |    481 |   1198 |   4937 |   8 |  980.5 |
       Ossuary |    311 |    311 |      0 |      0 |    235 |   1 |  311.0 |
               +--------+--------+--------+--------+--------+-----+--------+

Top non-repeatable levels by time:
     D:7: 1649 daAuts
     D:6: 1405 daAuts
     D:4: 1022 daAuts
     D:2: 994 daAuts
     D:5: 883 daAuts
     D:1: 851 daAuts
     D:3: 802 daAuts
 Ossuary: 311 daAuts
     D:8: 235 daAuts
